 Dungeon Crawl Stone Soup version 0.30-a0-335-ge5acde7520 (webtiles) character file.

Game seed: 3956695944903228051

50426 p00ps00p the Warrior (level 14, -38/137 HPs)
             Began as a Hill Orc Fighter on Oct 30, 2022.
             Was an Initiate of Gozag.
             Annihilated by an enormous slime creature (57 damage)
             ... on level 14 of the Dungeon.
             The game lasted 01:03:55 (25917 turns).

p00ps00p the Warrior (Hill Orc Fighter)            Turns: 25917, Time: 01:03:55

Health: -38/137    AC: 29    Str: 17    XL:     14   Next: 55%
Magic:  0/4        EV:  8    Int:  5    God:    Gozag
Gold:   370        SH:  8    Dex: 18    Spells: 13/13 levels left

rFire   + + +      SeeInvis +    b - +12 war axe "Vovisch" {antimagic, rPois rF++ rC- rCorr}
rCold   . . .      Faith    .    c - +0 buckler
rNeg    + . .      Spirit   .    N - +0 chain mail {rF+}
rPois   +          Reflect  .    U - +0 helmet {SInv}
rElec   .          Harm     .    k - +2 cloak
rCorr   +          Rampage  .    O - +3 Mad Mage's Maulers {Infuse+∞ RegenMP Int-3}
Will    +....                    a - +0 pair of boots of the Devil's Team {*Corrode rF+++ rN+ Str-3}
Stlth   ..........               T - amulet of Plog {RegenMP rC+ Dex+4}
HPRegen 0.42/turn                g - +4 ring of protection
MPRegen 0.89/turn                K - ring of see invisible

@: gold aura
A: no striking features
a: Renounce Religion, Potion Petition, Call Merchant, Bribe Branch


You were on level 14 of the Dungeon.
You worshipped Gozag.
Gozag was aware of your devotion.
You visited 4 branches of the dungeon, and saw 19 of its levels.
You also visited: Bailey.

You collected 5373 gold pieces.
You spent 3601 gold pieces at shops.
You paid 1402 gold pieces to Gozag.

Inventory:

Hand Weapons
 b - the +12 war axe "Vovisch" (weapon) {antimagic, rPois rF++ rC- rCorr}
   (You found it on level 1 of the Lair of Beasts)

   It reduces the magical energy of the wielder, and disrupts the spells and
   magical abilities of those it strikes.
   Natural abilities and divine invocations are not affected.
   rF:        It greatly protects you from fire.
   rC:        It makes you vulnerable to cold.
   rPois:     It protects you from poison.
   rCorr:     It protects you from acid and corrosion.
 i - a +0 broad axe
 S - a +1 vampiric morningstar
Missiles
 n - 28 boomerangs (quivered)
 y - 5 curare-tipped darts
 z - 43 poisoned darts
 A - 10 atropa-tipped darts
 C - 4 datura-tipped darts
Armour
 a - the +0 pair of boots of the Devil's Team (worn) {*Corrode rF+++ rN+ Str-3}
   (You found it on level 4 of the Dungeon)

   Str:       It affects your strength (-3).
   rF:        It renders you almost immune to fire.
   rN:        It protects you from negative energy.
   *Corrode:  It may corrode you when you take damage.
 c - a +0 buckler (worn)
 k - a +2 cloak (worn)
 N - a +0 chain mail of fire resistance (worn)
 O - the +3 Mad Mage's Maulers (worn) {Infuse+∞ RegenMP Int-3}
   (You bought it in a shop on level 8 of the Dungeon)

   It empowers its wearer's blows with all of their magic.
   It causes its wearer's magical reserves to regenerate more quickly.
   Int:       It affects your intelligence (-3).
 U - a +0 helmet of see invisible (worn)
Jewellery
 g - a +4 ring of protection (left hand)
 w - an amulet of faith
 K - a ring of see invisible (right hand)
 T - the amulet of Plog (around neck) {RegenMP rC+ Dex+4}
   (You bought it in a shop on level 1 of the Lair of Beasts)

   [amulet of magic regeneration]

   It increases your rate of magic regeneration.
   Dex:       It affects your dexterity (+4).
   rC:        It protects you from cold.
Wands
 s - a wand of charming (7)
 x - a wand of digging (24)
 F - a wand of flame (8)
 G - a wand of quicksilver (13)
 H - a wand of iceblast (5)
Scrolls
 l - a scroll of butterflies
 o - 3 scrolls of magic mapping
 r - a scroll of teleportation
 v - a scroll of brand weapon
 E - 2 scrolls of fear
 I - 2 scrolls of amnesia
 M - 11 scrolls of identify
Potions
 d - 5 potions of might
 e - 3 potions of curing
 f - 4 potions of brilliance
 h - a potion of resistance {unknown}
 j - 3 potions of mutation
 m - a potion of magic {unknown}
 q - 5 potions of attraction
 t - a potion of invisibility {unknown}
 u - 3 potions of ambrosia
 B - 6 potions of degeneration
 D - a potion of flight
 J - a potion of heal wounds
 L - 4 potions of haste
 Q - a potion of lignification {unknown}


   Skills:
 - Level 16.2 Fighting
 + Level 12.7 Axes
 * Level 15.0 Armour
 - Level 1.4 Dodging
 - Level 0.2 Stealth
 * Level 15.0 Shields


You had 13 spell levels left.
You didn't know any spells.
Your spell library contained the following spells:

 Spells                   Type           Power      Damage    Failure   Level
 Magic Dart               Conj           0%         1d3       99%         1
 Sandblast                Erth           0%         2d4       99%         1
 Slow                     Hex            0%         N/A       99%         1
 Summon Small Mammal      Summ           0%         N/A       99%         1
 Cigotuvi's Dreadful Rot  Necr/Pois/Air  0%         N/A       100%        2
 Passwall                 Tmut/Erth      0%         N/A       100%        2
 Poisonous Vapours        Pois/Air       0%         N/A       100%        2
 Scorch                   Fire           0%         2d5       100%        2
 Searing Ray              Conj           0%         2d4       100%        2
 Call Canine Familiar     Summ           0%         N/A       100%        3
 Confusing Touch          Hex            0%         N/A       100%        3
 Hailstorm                Conj/Ice       0%         3d3       100%        3
 Inner Flame              Hex/Fire       0%         N/A       100%        3
 Mephitic Cloud           Conj/Pois/Air  0%         N/A       100%        3
 Stone Arrow              Conj/Erth      0%         3d7       100%        3
 Summon Guardian Golem    Hex/Summ       0%         N/A       100%        3
 Vampiric Draining        Necr           0%         2d6       100%        3
 Dispel Undead            Necr           0%         3d6       100%        4
 Flame Wave               Conj/Fire      0%         2d4       100%        4
 Fulminant Prism          Conj/Hex       0%         3d5       100%        4
 Ice Form                 Ice/Tmut       0%         N/A       100%        4
 Sticky Flame             Conj/Fire      0%         2d3       100%        4
 Borgnjor's Vile Clutch   Necr/Erth      0%         N/A       100%        5
 Death Channel            Necr           0%         N/A       100%        6
 Summon Cactus Giant      Summ           0%         N/A       100%        6
 Animate Dead             Necr           Unusable   N/A       N/A         4
 Simulacrum               Ice/Necr       Unusable   N/A       N/A         6

Dungeon Overview and Level Annotations

Branches:
Dungeon (14/15)            Temple (1/1) D:5            Lair (2/5) D:8
 Spider (0/4) Lair:2          Orc (2/2) D:10            Elf (0/3) Orc:2
 Bailey (visited)
  Swamp: Lair:2-3    Shoals: Lair:2-3    Vaults: D:13-14

Altars:
Ashenzari
Cheibriados
Dithmenos
Elyvilon
Fedhas
Gozag
Hepliaklqana
Kikubaaqudgha
Makhleb
Nemelex Xobeh
Okawaru
Qazlal
Ru
Sif Muna
Trog
Uskayaw
Vehumet
Wu Jian
Xom
Yredelemnul
Zin
The Shining One

Shops:
D:8 [   D:9 *   D:10 ?   Orc:2 (=*!?*!   Lair:1 =[

Annotations:
D:8 4 transporters
D:11 Psyche
D:12 3 runed translucent doors, Rezos's ghost, journeyman MiFi


Message History

Two slime creatures merge to form an enormous slime creature.
You slash the enormous slime creature!
The enormous slime creature is moderately wounded.
You hear a shout!
The enormous slime creature barely misses you.
You hear a shout!
You slice the enormous slime creature!!
The enormous slime creature is heavily wounded.
You block the enormous slime creature's attack.
You slash the enormous slime creature!
The enormous slime creature is heavily wounded.
You slash the enormous slime creature!
The enormous slime creature is heavily wounded.
You hear a shout!
A centaur warrior comes into view.
The enormous slime creature hits you!!
You completely miss the enormous slime creature.
The enormous slime creature is heavily wounded.
A centaur warrior comes into view.
You block the enormous slime creature's attack.
You slice the enormous slime creature!!
The enormous slime creature is severely wounded.
The enormous slime creature hits you!!!
You barely miss the enormous slime creature.
The enormous slime creature is severely wounded.
You block the enormous slime creature's attack.
You slash the enormous slime creature!
The enormous slime creature is severely wounded.
A slime creature comes into view.
The enormous slime creature hits you!!
* * * LOW HITPOINT WARNING * * *
The slime creature quivers.
You slice the enormous slime creature!!
The enormous slime creature is almost dead.
The enormous slime creature hits you but does no damage.
A slime creature merges with something you can't see.
The enormous slime creature attacks as you move away!
The enormous slime creature hits you!!!
You die...
Your body crumbles into a pile of gold.

#.# #.. ....#.)
P...#.. .>. .P...
#[# ~~ ...## #.#
P~.~♣#..# #.#
≈≈~...cc# #.#
~~♣~.##J# #.# ≈≈~
#@###.## .# # ~
#.##...# .#.#
#.##...#####.#.#.
$
#.##.............
#...............<
#####.##.........
#####..#######
#..#....(#
#..#.....#


You could see an enormous slime creature and 2 centaur warriors.

Vanquished Creatures
  Jorgrun (Orc:1)
  Kirke (D:13)
  A fire dragon (D:14)
  Erolcha (Orc:2)
  3 hydras
  2 two-headed ogres
  5 boulder beetles
  3 death yaks (Lair:1)
  A tengu warrior (D:13)
  3 centaur warriors
  Nergalle (D:12)
  3 orc knights
  9 ugly things
  3 manticores
  A cyclops (D:13)
  A merfolk siren (Lair:2)
  An elephant (Lair:1)
  A torpor snail (Lair:1)
  10 cane toads
  3 unseen horrors
  A demonic crawler (Lair:2)
  5 komodo dragons
  A kobold demonologist (D:9)
  2 rime drakes
  9 trolls
  A hornet (D:10)
  2 merfolk (Lair:2)
  3 meliai (D:13)
  3 blink frogs (Lair:1)
  4 wraiths
  2 shadows (D:10)
  A vampire (D:11)
  9 wyverns
  22 yaks
  6 basilisks
  4 hogs (D:13)
  4 vampire mosquitoes
  A warg (Orc:1)
  2 acid dragons
  10 water moccasins
  A swamp drake (D:10)
  34 orc warriors
  A black bear (D:7)
  6 ice beasts
  5 wolves
  7 ogres
  15 centaurs
  3 phantoms
  10 kobold brigands
  A necrophage (D:6)
  4 bullfrogs
  6 scorpions
  3 wights (D:8)
  29 killer bees
  A howler monkey (D:13)
  2 electric eels (Lair:1)
  4 hounds
  12 orc priests
  Crazy Yiuf (D:3)
  A gnoll bouda (D:9)
  Jessica (D:3)
  Terence (D:2)
  14 orc wizards
  Natasha (thrice) (D:3)
  4 iguanas
  Ijyb (D:3)
  Robin (D:2)
  9 adders
  7 gnolls
  3 shadow imps
  2 white imps
  2 ufetubi
  3 worms
  55 orcs
  4 endoplasms
  6 giant cockroaches
  17 goblins
  17 hobgoblins
  4 jackals (D:4)
  25 kobolds
  4 quokkas
  4 ball pythons
  3 bats
  3 frilled lizards
  3 rats
488 creatures vanquished.

Vanquished Creatures (others)
  A human (D:13)
  4 fungi
  48 plants
53 creatures vanquished.

Grand Total: 541 creatures vanquished

Notes
Turn   | Place    | Note
-------+----------+-------------------------------------------
     0 | D:1      | p00ps00p the Hill Orc Fighter began the quest for the Orb.
     0 | D:1      | Reached XP level 1. HP: 19/19 MP: 1/1
   123 | D:1      | Reached skill level 4 in Fighting
   302 | D:1      | Reached XP level 2. HP: 27/27 MP: 2/2
   872 | D:2      | Found a broken altar of Ashenzari.
   924 | D:2      | Reached XP level 3. HP: 35/35 MP: 3/3
  1013 | D:2      | Noticed Robin
  1016 | D:2      | Reached skill level 5 in Fighting
  1020 | D:2      | Killed Robin
  1105 | D:2      | Noticed Terence
  1118 | D:2      | Killed Terence
  1119 | D:2      | Reached XP level 4. HP: 44/44 MP: 4/4
  1210 | D:2      | Reached skill level 6 in Fighting
  1568 | D:3      | Noticed Natasha
  1588 | D:3      | Killed Natasha
  1589 | D:3      | Reached XP level 5. HP: 23/51 MP: 5/5
  1893 | D:3      | Noticed Natasha
  1901 | D:3      | Reached skill level 1 in Dodging
  1912 | D:3      | Killed Natasha
  1913 | D:3      | Reached skill level 7 in Fighting
  1958 | D:3      | Noticed Jessica
  1965 | D:3      | Killed Jessica
  1994 | D:3      | Noticed Ijyb
  2025 | D:3      | Killed Ijyb
  2026 | D:3      | Reached XP level 6. HP: 59/60 MP: 6/6
  2186 | D:3      | Found a runed translucent door.
  2187 | D:3      | Noticed Crazy Yiuf
  2258 | D:3      | Noticed Natasha
  2266 | D:3      | Killed Natasha
  2267 | D:3      | Reached skill level 8 in Fighting
  2552 | D:3      | Killed Crazy Yiuf
  2767 | D:4      | Identified the +0 pair of boots of the Devil's Team
                  | {*Corrode rF+++ rN+ Str-3}
  3263 | D:5      | Entered Level 5 of the Dungeon
  3364 | D:5      | Reached skill level 9 in Fighting
  3364 | D:5      | Reached XP level 7. HP: 70/70 MP: 7/7
  3760 | D:5      | Found a staircase to the Ecumenical Temple.
  3768 | Temple   | Entered the Ecumenical Temple
  4011 | D:5      | Reached skill level 10 in Fighting
  4285 | D:6      | Reached XP level 8. HP: 74/81 MP: 8/8
  4337 | D:6      | Reached skill level 11 in Fighting
  4497 | D:6      | Noticed a troll
  4515 | D:6      | Killed a troll
  4791 | D:6      | Reached skill level 12 in Fighting
  4868 | D:6      | You fall into a shaft and drop 2 floors!
  4868 | D:8      | Found a staircase to the Lair.
  4877 | D:8      | Found Maquilos's Armour Shop.
  4891 | D:8      | Noticed a yak
  4892 | D:8      | Noticed a yak
  4892 | D:8      | Noticed a yak
  4894 | D:8      | Found a flagged portal.
  4906 | D:8      | Killed a yak
  4913 | D:8      | Killed a yak
  4914 | D:8      | Reached skill level 13 in Fighting
  4917 | D:8      | Killed a yak
  4918 | D:8      | Reached XP level 9. HP: 55/93 MP: 9/9
  4944 | Bailey   | Entered a bailey
  4993 | Bailey   | Reached skill level 14 in Fighting
  5234 | Bailey   | Noticed an orc knight
  5296 | Bailey   | Killed an orc knight
  5297 | Bailey   | Reached skill level 15 in Fighting
  5315 | Bailey   | Reached skill level 16 in Fighting
  5574 | Bailey   | Found a bloodstained altar of Trog.
  5652 | D:8      | Reached XP level 10. HP: 93/107 MP: 10/10
  6638 | D:7      | Reached skill level 5 in Armour
  6638 | D:7      | Reached skill level 5 in Shields
  6817 | D:7      | Found an opulent altar of Gozag.
  6817 | D:7      | Found a glowing silver altar of Zin.
  6819 | D:7      | Found an ancient bone altar of Kikubaaqudgha.
  6820 | D:7      | Found a sparkling altar of Nemelex Xobeh.
  6820 | D:7      | Found a sacrificial altar of Ru.
  6844 | D:7      | Found a burning altar of Makhleb.
  6855 | D:7      | Found a shimmering altar of Xom.
  6870 | D:7      | Became a worshipper of Gozag Ym Sagoz the Greedy
  7153 | D:8      | Found a transporter.
  7169 | D:8      | Noticed a red ugly thing
  7185 | D:8      | Killed a red ugly thing
  7559 | D:8      | Found a transporter.
  7591 | D:8      | Found a transporter.
  7923 | D:8      | Killed an unseen horror
  7924 | D:8      | Reached skill level 5 in Axes
  8249 | D:8      | Found a transporter.
  8304 | D:9      | Found Jydghiatz's Changing Room.
  8772 | D:9      | Reached XP level 11. HP: 113/114 MP: 11/11
  9974 | D:10     | Entered Level 10 of the Dungeon
 10493 | D:10     | Found Xorogial's Magic Scroll Emporium.
 10498 | D:10     | Bought a scroll of blinking for 120 gold pieces
 10498 | D:10     | Bought a scroll of teleportation for 48 gold pieces
 10498 | D:10     | Bought a scroll of fear for 64 gold pieces
 10498 | D:10     | Bought a scroll of identify for 32 gold pieces
 11296 | D:10     | Noticed a two-headed ogre
 11318 | D:10     | Killed a two-headed ogre
 12275 | D:10     | Found a staircase to the Orcish Mines.
 12470 | D:8      | Bought the +3 Mad Mage's Maulers {Infuse+∞ RegenMP Int-3}
                  | for 560 gold pieces
 12470 | D:8      | Found the +3 Mad Mage's Maulers {Infuse+∞ RegenMP Int-3}
 12607 | Orc:1    | Entered Level 1 of the Orcish Mines
 12715 | Orc:1    | Noticed Erolcha
 12872 | Orc:1    | Identified a scroll of acquirement
 12872 | Orc:1    | Acquired 886 gold pieces
 12883 | Orc:2    | Entered Level 2 of the Orcish Mines
 12895 | Orc:2    | Found a staircase to the Elven Halls.
 12916 | Orc:2    | Noticed an orc knight
 13109 | Orc:2    | Found Huqig's Jewellery Shop.
 13137 | Orc:2    | Reached XP level 12. HP: 51/122 MP: 0/12
 13518 | Orc:2    | Reached skill level 10 in Armour
 13518 | Orc:2    | Reached skill level 10 in Shields
 14342 | Orc:2    | Noticed a centaur warrior
 14359 | Orc:2    | Killed a centaur warrior
 14750 | Orc:2    | Found Gaegg's Distillery.
 15239 | Orc:2    | Killed Erolcha
 15342 | Orc:2    | Found Jaimeh's Distillery.
 15342 | Orc:2    | Found Aseweh's Magic Scroll Emporium.
 15344 | Orc:2    | Found Ufeuqyub's Assorted Antiques.
 15346 | Orc:2    | Found Efapauh's General Store.
 15357 | Orc:2    | Bought a scroll of teleportation for 30 gold pieces
 15357 | Orc:2    | Bought a scroll of brand weapon for 95 gold pieces
 15357 | Orc:2    | Bought a scroll of teleportation for 30 gold pieces
 15357 | Orc:2    | Bought a scroll of fear for 40 gold pieces
 15357 | Orc:2    | Bought a scroll of teleportation for 30 gold pieces
 15358 | Orc:2    | Bought a potion of berserk rage for 70 gold pieces
 15358 | Orc:2    | Bought a potion of haste for 140 gold pieces
 15358 | Orc:2    | Bought 2 potions of curing for 84 gold pieces
 15358 | Orc:2    | Bought a potion of curing for 42 gold pieces
 15358 | Orc:2    | Bought a potion of curing for 42 gold pieces
 15358 | Orc:2    | Bought 2 potions of might for 112 gold pieces
 15361 | Orc:2    | Bought a wand of digging (4) for 436 gold pieces
 15361 | Orc:2    | Bought a scroll of identify for 52 gold pieces
 15361 | Orc:2    | Bought a wand of charming (3) for 187 gold pieces
 15361 | Orc:2    | Bought a potion of haste for 260 gold pieces
 15407 | Orc:2    | Found Cedaewk's Weapon Boutique.
 15460 | Orc:2    | Bought a potion of curing for 45 gold pieces
 15460 | Orc:2    | Bought a potion of haste for 150 gold pieces
 15460 | Orc:2    | Bought a potion of curing for 45 gold pieces
 15460 | Orc:2    | Bought a potion of curing for 45 gold pieces
 15638 | Orc:2    | HP: 2/122 [orc warrior/+1 long sword of holy wrath[an orc
                  | knight] (11)]
 16358 | Orc:1    | Noticed Jorgrun
 17107 | D:11     | Noticed a boulder beetle
 17146 | D:11     | Killed a boulder beetle
 17974 | D:11     | Noticed a boulder beetle
 17994 | D:11     | Killed a boulder beetle
 18409 | D:12     | Noticed Psyche
 18413 | D:12     | Noticed a two-headed ogre
 18427 | D:12     | Killed a two-headed ogre
 18428 | D:12     | Reached skill level 10 in Axes
 18429 | D:12     | Reached XP level 13. HP: 95/129 MP: 0/13
 19677 | D:12     | Found a runed translucent gate.
 19677 | D:12     | Found a runed translucent gate.
 19677 | D:12     | Found a runed translucent gate.
 19677 | D:12     | Noticed a merfolk impaler
 19678 | D:12     | Found an iron altar of Okawaru.
 19678 | D:12     | Noticed Rezos's ghost (journeyman MiFi)
 19741 | D:12     | Noticed Nergalle
 19756 | D:12     | Killed Nergalle
 20428 | D:13     | Noticed Kirke
 20448 | D:13     | Killed Kirke
 21140 | Lair:1   | Entered Level 1 of the Lair of Beasts
 21354 | Lair:1   | Identified the +12 war axe "Vovisch" {antimagic, rPois rF++
                  | rC- rCorr}
 22811 | Orc:1    | Killed Jorgrun
 23307 | D:13     | Reached XP level 14. HP: 72/137 MP: 1/14
 24449 | Lair:2   | Found a hole to the Spider Nest.
 25287 | Lair:1   | Bought the amulet of Plog {RegenMP rC+ Dex+4} for 681 gold
                  | pieces
 25296 | Lair:1   | Bought a +0 helmet of see invisible for 161 gold pieces
 25608 | D:14     | Found a broken altar of Ashenzari.
 25614 | D:13     | Upgraded the game from 0.30-a0-331-g8ab09dc110 to
                  | 0.30-a0-335-ge5acde7520
 25906 | D:14     | Reached skill level 15 in Armour
 25906 | D:14     | Reached skill level 15 in Shields
 25917 | D:14     | Annihilated by an enormous slime creature

Illustrated notes

Levels and vault maps discovered:
D:1:      reono_arrival_forest_river, layout_loops_ring
D:2:      layout_loops_ring, basic_altar, kennysheep_generic_room_15,
          uniq_robin, uniq_terence
D:3:      layout_basic, uniq_ijyb, uniq_natasha, uniq_jessica,
          uniq_crazy_yiuf_cottage
D:4:      layout_loops_ring, kennysheep_big_empty_room
D:5:      layout_rooms, minmay_temple_entry_nine_rooms, minivault_5
D:6:      layout_rooms
D:7:      minmay_bubble_buster, layout_loops_ring,
          grunt_temple_overflow_octagram
D:8:      layout_cave_pools, lair_entry_dummy, serial_shops,
          nicolae_shop_crystal, enter_bailey_5, nicolae_diode_intersection
D:9:      layout_gridville, hangedman_decor_points, nicolae_transmutations_shop
D:10:     minmay_razor_zed, layout_stronghold, erik_orc_1, serial_shops,
          kennysheep_little_box
D:11:     layout_loops_cross
D:12:     layout_cave_pools, gammafunk_ghost_fury_of_okawaru, uniq_psyche,
          uniq_nergalle
D:13:     layout_loops_ring, uniq_kirke
D:14:     layout_loops_ring, skrybe_vaults_entry_preservation, serial_bayou,
          serial_bayou_pond_b, serial_bayou_shore_a, serial_bayou_pond_c,
          serial_bayou_lake_a, cheibrodos_ashenzari_chains
Temple:   hellmonk_temple_two_chambers
Lair:1:   layout_gridlike, wad_woods_river_01
Lair:2:   regret_index_tunnel_blossom, layout_misc_corridors,
          elwin_shoals_entry_stream, nicolae_spider_entry_non_spiders,
          st_stairs_11, chequers_serial_rivers_large_a,
          infiniplex_staircase_pool_2
Orc:1:    layout_caves, minmay_orc_barracks, uniq_erolcha, uniq_jorgrun
Orc:2:    st_orc_rangers, layout_caves, serial_shops,
          nicolae_shop_temple_entry_statues_fountains, shop,
          nicolae_shop_advertising_works [nicolae_subvault_shop_adworks]

Skill      XL: |  1  2  3  4  5  6  7  8  9 10 11 12 13 14 |
---------------+-------------------------------------------+-----
Fighting       | 4 5 6 7 9 10 13 16 | 16.2
Dodging        | 1 |  1.4
Axes           | 5 8 10 11 12 | 12.7
Armour         | 7 9 11 14 15 | 15.0
Shields        | 7 9 12 14 15 | 15.0
Stealth        | |  0.2

Action                   |  1- 3 |  4- 6 |  7- 9 | 10-12 | 13-15 || total
-------------------------+-------+-------+-------+-------+-------++-------
Melee: War axe           |    78 |   151 |   259 |   913 |   480 ||  1881
       Morningstar       |       |       |       |       |    18 ||    18
       Unarmed           |       |       |       |       |     7 ||     7
Throw: Boomerang         |       |       |     3 |       |       ||     3
Invok: Call Merchant     |       |       |       |       |     2 ||     2
Evoke: Wand              |       |       |    13 |     5 |     1 ||    19
  Use: Scroll            |     4 |     9 |     6 |     9 |     7 ||    35
       Potion            |       |     1 |    10 |     8 |     7 ||    26
 Stab: Distracted        |       |       |       |     5 |     3 ||     8
Armor: Scale mail        |    44 |   146 |   212 |   753 |       ||  1155
       Chain mail        |       |       |       |   129 |   578 ||   707
Dodge: Dodged            |    32 |    90 |   119 |   680 |   252 ||  1173
Block: Buckler           |    23 |    49 |    70 |   442 |   229 ||   813

Table legend: (Time is in decaauts)
 A = Elapsed time spent in this place.
 B = Non-inter-level travel time spent in this place.
 C = Inter-level travel time spent in this place.
 D = Time resting spent in this place.
 E = Time spent auto-exploring this place.
 F = Levels seen in this place.
 G = Mean time per level.
                   A        B        C        D        E       F      G
               +--------+--------+--------+--------+--------+-----+--------+
         Total |  26410 |  24838 |   1572 |   8317 |  10248 |  20 | 1320.5 |
       Dungeon |  18610 |  17191 |   1419 |   4453 |   8877 |  14 | 1329.3 |
        Temple |     29 |     26 |      3 |      0 |     10 |   1 |   29.0 |
          Lair |   2827 |   2709 |    118 |   1142 |    830 |   2 | 1413.5 |
  Orcish Mines |   4248 |   4217 |     31 |   2351 |    531 |   2 | 2124.0 |
        Bailey |    693 |    693 |      0 |    370 |      0 |   1 |  693.0 |
               +--------+--------+--------+--------+--------+-----+--------+

Top non-repeatable levels by time:
    D:10: 3136 daAuts
   Orc:2: 2845 daAuts
  Lair:1: 2617 daAuts
    D:11: 2013 daAuts
     D:9: 1847 daAuts
    D:13: 1804 daAuts
     D:8: 1698 daAuts
   Orc:1: 1403 daAuts
    D:12: 1283 daAuts
     D:7: 1223 daAuts
     D:3: 1115 daAuts
     D:6: 995 daAuts
     D:5: 877 daAuts
     D:2: 843 daAuts
     D:1: 767 daAuts
